 Dungeon Crawl Stone Soup version 0.27-a0-1144-g0b7d3b79db (webtiles) character file.

Game seed: 1329545926677487259

2 neco the Firebug (level 1, -1/11 HPs)
             Began as an Octopode Fire Elementalist on May 10, 2021.
             Slain by an adder (5 damage)
             ... on level 2 of the Dungeon.
             The game lasted 00:01:41 (88 turns).

neco the Firebug (Octopode Fire Elementalist)         Turns: 88, Time: 00:01:42

Health: -1/11      AC:  1    Str:  7    XL:     1   Next: 30%
Magic:  1/3        EV: 13    Int: 17    God:
Gold:   0          SH:  0    Dex: 12    Spells: 3/4 levels left

rFire    . . .     SeeInvis .   (no weapon)
rCold    . . .     Faith    .   (no shield)
rNeg     . . .     Spirit   .   (helmet restricted)
rPois    .         Reflect  .   (no amulet)
rElec    .         Harm     .   (no ring)
rCorr    .         Rampage  .   (no ring)
Will     .....                  (no ring)
Stlth    +++.......             (no ring)
HPRegen  0.03/turn              (no ring)
MPRegen  0.08/turn              (no ring)
                                (no ring)
                                (no ring)

@: no status effects
A: almost no armour, amphibious, 8 rings, camouflage 1, gelatinous body 1,
(nimble swimmer 1), tentacles
a: no special abilities


You were on level 2 of the Dungeon.
You visited 1 branch of the dungeon, and saw 2 of its levels.

Inventory:

Missiles
 a - 29 stones


   Skills:
 + Level 2.0 Dodging
 + Level 2.6 Stealth
 + Level 2.0 Spellcasting
 + Level 1.0 Conjurations
 + Level 3.1 Fire Magic


You had 3 spell levels left.
You knew the following spells:

 Your Spells              Type           Power      Damage    Failure   Level
a - Foxfire               Conj/Fire      32%        2x1d5     9%          1

Your spell library contained the following spells:

 Spells                   Type           Power      Damage    Failure   Level
 Conjure Flame            Conj/Fire      8%         6-21      26%         3
 Inner Flame              Hex/Fire       7%         N/A       30%         3
 Sticky Flame             Conj/Fire      8%         2d3       63%         4
 Fireball                 Conj/Fire      4%         3d4       93%         5


Dungeon Overview and Level Annotations

Branches:
Dungeon (2/15)

Altars:


Innate Abilities, Weirdness & Mutations

You cannot wear most types of armour.
You are amphibious.
You can wear up to eight rings at the same time.
Your skin changes colour to match your surroundings (Stealth+).
Your rubbery body absorbs attacks. (AC +1, EV +1)
((You are camouflaged near water. (Stealth+)))
You have tentacles for arms and can constrict up to eight enemies at once.


Message History

Found 17 stones.
Found a stone staircase leading down.
A rat comes into view. 2 endoplasms and a dart slug come into view.
The endoplasm quivers.
A kobold comes into view. It is wielding a +0 dagger.
Found a scroll labelled TUURRA ATRIUM.
Found a stone staircase leading down.
There is a stone staircase leading down here.
The rat barely misses you.
You climb downwards.
An adder and a quokka come into view.
Found a stone staircase leading down and a stone staircase leading up.
There is a stone staircase leading up here.
(D) Dungeon
Where to? (? - help)
Okay, then.
Unknown command.
Unknown command.
Casting: Foxfire (safe; 9% risk of failure)
Confirm with . or Enter, or press ? or * to list all spells.
You conjure some foxfire!
The endoplasm freezes you.
You are frozen.
The rat bites you.
The foxfire hits the endoplasm.
The endoplasm is severely wounded.
The foxfire hits the rat.
You kill the rat!
You tentacle-slap the endoplasm but do no damage.
The endoplasm is severely wounded.
The endoplasm freezes you.
You are frozen.
Casting: Foxfire (safe; 9% risk of failure)
Confirm with . or Enter, or press ? or * to list all spells.
You conjure some foxfire!
The endoplasm barely misses you.
The foxfire hits the endoplasm.
The endoplasm is almost dead.
The foxfire hits the endoplasm.
You kill the endoplasm!
The adder hisses angrily.
The adder bites you.
You die...

.(... .... ....
..# ..# #.#
########.####...
#.......@.......
#......S.####...
#........#
#..†.....# #...#
#...<....#
#........#
#........#
##########


You could see an adder and a quokka (wandering).

Vanquished Creatures
  An endoplasm (D:2)
  A rat (D:2)
2 creatures vanquished.

Vanquished Creatures (others)
  4 foxfires (D:2)
4 creatures vanquished.

Grand Total: 6 creatures vanquished

Notes
Turn   | Place    | Note
-------+----------+-------------------------------------------
     0 | D:1      | neco the Octopode Fire Elementalist began the quest for the
                  | Orb.
     0 | D:1      | Reached XP level 1. HP: 11/11 MP: 3/3
    88 | D:2      | Slain by an adder

Illustrated notes

Levels and vault maps discovered:
D:1:      minmay_arrival_shattered_statue, layout_loops_ring,
          hellmonk_ecumenical_altar_crossroads
D:2:      layout_basic, hangedman_abyss_or_decor_stabs, uniq_terence

Action                   || total
-------------------------++-------
Melee: Unarmed           ||     1
 Cast: Foxfire           ||     2
Dodge: Dodged            ||     2

Table legend: (Time is in decaauts)
 A = Elapsed time spent in this place.
 B = Non-inter-level travel time spent in this place.
 C = Inter-level travel time spent in this place.
 D = Time resting spent in this place.
 E = Time spent auto-exploring this place.
 F = Levels seen in this place.
 G = Mean time per level.
                   A        B        C        D        E       F      G
               +--------+--------+--------+--------+--------+-----+--------+
         Total |     87 |     87 |      0 |      0 |      0 |   2 |   43.5 |
       Dungeon |     87 |     87 |      0 |      0 |      0 |   2 |   43.5 |
               +--------+--------+--------+--------+--------+-----+--------+

Top non-repeatable levels by time:
     D:1: 77 daAuts
     D:2: 10 daAuts
